 Dungeon Crawl Stone Soup version 0.23-a0-394-g6ce9549 (webtiles) character file.

223 roflturtle the Shield-Bearer (level 6, -2/48 HPs)
             Began as a Formicid Fighter on Sept 20, 2018.
             Slain by an orc
             ... wielding a +0 dagger
              (3 damage)
             ... on level 4 of the Dungeon on Nov 1, 2018.
             The game lasted 00:18:00 (3026 turns).

roflturtle the Shield-Bearer (Formicid Fighter)     Turns: 3026, Time: 00:18:06

Health: -2/48      AC:  7    Str: 18 (21) XL:     6   Next: 20%
Magic:  6/6        EV:  9    Int:  5 (7)  God:
Gold:   179        SH:  9    Dex: 11 (12) Spells: 5/5 levels left

rFire    . . .     SeeInvis +   a - +0 long sword
rCold    + . .     Gourm    .   c - +0 shield
rNeg     . . .     Faith    .   s - +2 ring mail {rC+}
rPois    .         Spirit   .   (helmet unavailable)
rElec    .         Reflect  .   (no cloak)
rCorr    .         Harm     .   (no gloves)
MR       .....                  (no boots)
Stlth    +.........             (no amulet)
HPRegen  0.16/turn              (no ring)
MPRegen  0.10/turn              (no ring)

@: lethally poisoned (-2 -> -12), flying
A: permanent stasis, dig shafts and tunnels, four strong arms, antennae 3
a: Dig, Shaft Self


You were on level 4 of the Dungeon.
You were not hungry.

You visited 1 branch of the dungeon, and saw 4 of its levels.

You collected 179 gold pieces.

Inventory:

Hand Weapons
 a - a +0 long sword (weapon)
Missiles
 e - 21 bolts
 p - 77 arrows
 t - 20 sling bullets
Armour
 b - a +0 scale mail
 c - a +0 shield (worn)
 s - a +2 ring mail of cold resistance (worn)
Jewellery
 y - a +2 amulet of reflection {unknown}
 z - an uncursed ring of see invisible {unknown}
Scrolls
 g - a scroll of enchant weapon {unknown}
 h - 3 scrolls of remove curse {unknown}
 i - a scroll of fear {unknown}
 k - 2 scrolls of magic mapping {unknown}
 m - a scroll of enchant armour {unknown}
 o - 3 scrolls of teleportation {unknown}
 q - a scroll of random uselessness {unknown}
Potions
 d - 2 potions of might
 j - 2 potions of flight
 l - 2 potions of brilliance {unknown}
 n - a potion of heal wounds {unknown}
 r - 2 potions of resistance {unknown}
 u - a potion of degeneration
 v - 2 potions of ambrosia {unknown}
 w - a potion of curing
Comestibles
 f - 7 rations


   Skills:
 - Level 4.0 Fighting
 + Level 4.2 Long Blades
 - Level 4.1 Armour
 - Level 5.1 Shields


You had 5 spell levels left.
You didn't know any spells.
Your spell library contained the following spells:

 Spells                   Type           Power        Failure   Level  Hunger
 Animate Skeleton         Necr           N/A          91%         1    ##.....
 Apportation              Tloc           #.....       91%         1    ##.....
 Confusing Touch          Hex            #.....       91%         1    ##.....
 Summon Small Mammal      Summ           #...         91%         1    ##.....


Dungeon Overview and Level Annotations

Branches:
Dungeon (4/15)
 Temple: D:4-7

Altars:
Dithmenos


Innate Abilities, Weirdness & Mutations

You cannot be hasted, slowed, berserked, paralysed or teleported.
You can dig through walls and to a lower floor.
Your four strong arms can wield two-handed weapons with a shield.
You have a pair of large antennae on your head. (SInv)


Message History

You kill the orc priest!
Your Long Blades skill increases to level 4!
* * * LOW HITPOINT WARNING * * *
You feel sick. You block the orc's attack. The jackal bites you.
* * * LOW HITPOINT WARNING * * *
It was a potion of flight.
You feel very buoyant.
You fly up into the air.
* * * LOW HITPOINT WARNING * * *
You feel sick.
The jackal bites you but does no damage.
A jackal comes into view.
You block the orc's attack.
It was a potion of degeneration.
There was something very wrong with that liquid.
You feel weakened.
You feel dopey.
You feel clumsy.
* * * LOW HITPOINT WARNING * * *
You feel sick. The jackal closely misses you.
The orc hits you with a +0 dagger.
You die...

## +# .#
#.##
.####...#
.......##
#oh......
#@# #.#
#<# #.#
#.# #..
###


You could see an orc and a jackal.

Vanquished Creatures
  An orc priest (D:4)
  An orc wizard (D:4)
  9 adders
  2 worms (D:3)
  5 dart slugs
  2 leopard geckos
  3 orcs (D:3)
  4 giant cockroaches
  9 goblins
  3 hobgoblins
  6 jackals (D:2)
  A quokka (D:2)
  A ball python (D:3)
  7 bats
  2 frilled lizards
  5 kobolds
  10 rats
71 creatures vanquished.

Notes
Turn   | Place    | Note
-------+----------+-------------------------------------------
     0 | D:1      | roflturtle the Formicid Fighter began the quest for the
                  | Orb.
     0 | D:1      | Reached XP level 1. HP: 18/18 MP: 1/1
   140 | D:1      | Reached skill level 4 in Shields
   174 | D:1      | Reached XP level 2. HP: 17/24 MP: 2/2
   207 | D:1      | Upgraded the game from 0.23-a0-182-g58cdd98 to
                  | 0.23-a0-394-g6ce9549
   484 | D:1      | Reached XP level 3. HP: 28/30 MP: 3/3
  1254 | D:2      | Reached XP level 4. HP: 36/37 MP: 4/4
  2023 | D:3      | Reached XP level 5. HP: 36/42 MP: 5/5
  2408 | D:3      | Reached skill level 5 in Shields
  2452 | D:3      | Found a shadowy altar of Dithmenos.
  3019 | D:4      | Reached XP level 6. HP: 20/48 MP: 6/6
  3025 | D:4      | HP: 2/48 [poisoned by an orc wizard]
  3026 | D:4      | Slain by an orc

Vault maps used:
D:1:      saegor_arrival_simple_b
D:3:      wad_river_or_something, lemuel_doored_altar, lightli_corner_chamber
D:4:      minmay_temple_entry_statues_pillars, first_ration,
          portal_sewer_entry_f, serial_shops, shop, okawaru_metal_pillars_1_2

Skill      XL: |  1  2  3  4  5  6 |
---------------+-------------------+-----
Shields        | 4 5 |  5.1
Fighting       | 4 |  4.0
Long Blades    | 3 4 |  4.2
Armour         | 4 |  4.1

Action                   |  1- 3 |  4- 6 || total
-------------------------+-------+-------++-------
Melee: Long sword        |   100 |   125 ||   225
  Use: Potion            |       |     2 ||     2
 Stab: Distracted        |       |     1 ||     1
  Eat: Chunk             |     1 |     6 ||     7
Armor: Scale mail        |    30 |       ||    30
       Ring mail         |     6 |    28 ||    34
Dodge: Dodged            |    30 |    45 ||    75
Block: Shield            |    52 |    61 ||   113
       Rpst.: Long sword |    11 |    13 ||    24

Table legend:
 A = Non-vault XP
 B = Vault XP
 C = Vault XP percentage of total XP
 D = Non-vault monster count
 E = Vault monster count
 F = Vault count percentage of total count
                 A         B        C        D         E       F
            +---------+---------+-------+---------+---------+-------
      Total |     274 |      45 |  14.1 |      62 |       9 |  12.7
            +---------+---------+-------+---------+---------+-------
        D:1 |      36 |       0 |   0.0 |      21 |       0 |   0.0
        D:2 |      47 |       0 |   0.0 |      17 |       0 |   0.0
        D:3 |      97 |      45 |  31.7 |      21 |       9 |  30.0
        D:4 |      94 |       0 |   0.0 |       3 |       0 |   0.0
            +---------+---------+-------+---------+---------+-------
